 Dungeon Crawl Stone Soup version 0.19-a0-811-gf4045fb (webtiles) character file.

585 Ijustatesigmund the Sneak (level 7, -4/37 HPs)
             Began as a Vine Stalker Assassin on June 28, 2016.
             Slain by a hippogriff (7 damage)
             ... on level 5 of the Dungeon.
             The game lasted 00:09:23 (3068 turns).

Ijustatesigmund the Sneak (Vine Stalker Assassin)   Turns: 3068, Time: 00:09:23

Health: -4/37      AC:  3    Str: 19    XL:     7   Next: 37%
Magic:  0/8        EV: 11    Int: 11    God:
Gold:   160        SH:  0    Dex: 17    Spells: 0 memorised, 6 levels left

rFire  . . .     SeeInvis .     c - +2 dagger (vamp)
rCold  . . .     Gourm    .     s - -2 robe (curse)
rNeg   . . .     Faith    .     (no shield)
rPois  .         Spirit   +     n - +0 helmet
rElec  .         Dismiss  .     d - +1 cloak
rCorr  .         Reflect  .     (no gloves)
SustAt .         Harm     .     (no boots)
MR     .....                    v - amulet of rage
Stlth  ++++......               (no ring)
                                (no ring)

@: mighty, not resistant to hostile enchantments, stealthy
A: fangs 2, regeneration 2, magic shield, antimagic bite, no device heal 3, rot
immunity
a: Evoke Berserk Rage


You were on level 5 of the Dungeon.
You were not hungry.

You visited 1 branch of the dungeon, and saw 5 of its levels.
You also visited: Sewer.

You collected 160 gold pieces.

Inventory:

Hand Weapons
 a - a +3 dagger
 b - a +0 blowgun
 c - a +2 vampiric dagger (weapon)
 y - a +2 dagger of freezing
Missiles
 e - 26 poisoned needles
 f - 2 curare-tipped needles
 p - 11 javelins (quivered)
Armour
 d - a +1 cloak (worn)
 i - a +0 ring mail
 n - a +0 helmet (worn)
 s - a cursed -2 robe (worn)
 w - a +2 robe of fire resistance
Jewellery
 v - an amulet of rage (around neck)
Wands
 k - a wand of lightning (5/15)
Scrolls
 q - 3 scrolls of teleportation
 t - a scroll of fear
 x - a scroll of recharging {unknown}
Potions
 h - 2 potions of flight
 l - a potion of resistance
 m - a potion of invisibility
 r - 2 potions of magic {unknown}
 A - 2 potions of heal wounds {unknown}
Comestibles
 j - 3 meat rations
 o - 2 fruits
 u - 2 beef jerkies
 z - 3 chunks of flesh


   Skills:
 + Level 4.1 Fighting
 + Level 4.5 Short Blades
 - Level 1.7 Throwing
 - Level 0.7 Dodging
 + Level 7.5 Stealth


You had 6 spell levels left.
You didn't know any spells.

Dungeon Overview and Level Annotations

Branches:
Dungeon (5/15)             Temple (0/1) D:5

Altars:
Hepliaklqana
Zin

Shops:
D:4 (

Annotations:
D:3 stickyfingers's ghost, amateur DrSk


Innate Abilities, Weirdness & Mutations

You have extremely sharp teeth.
You heal very quickly.
When hurt, damage is shared between your health and your magic reserves.
Your bite disrupts and absorbs the magic of your enemies.
Potions and wands cannot restore your health.
You are immune to rotting.


Message History

You drain its power.
You feel invigorated.
The hippogriff is lightly wounded.
You barely miss the hippogriff. You bite the hippogriff. You drain its power.
The hippogriff is lightly wounded.
The hippogriff barely misses you. The hippogriff pecks you.
The hippogriff closely misses you.
You hit the hippogriff. You bite the hippogriff. You drain its power.
The hippogriff is moderately wounded.
The hippogriff bites you. The hippogriff pecks you. The hippogriff claws you!
You feel very mighty all of a sudden. The hippogriff bites you!
* * * LOW HITPOINT WARNING * * *
The hippogriff barely misses you. The hippogriff claws you.
* * * LOW HITPOINT WARNING * * *
You hit the hippogriff.
You feel better.
The hippogriff is moderately wounded.
The hippogriff barely misses you. The hippogriff pecks you.
* * * LOW HITPOINT WARNING * * *
The hippogriff claws you!
You die...

....## .# # .....#
.#...# .....# .+
..+
.....###.#..$#####
####....<........
####.######.#
#........##+##
#.###........# #+#
+.....@..#
#.%....H.#
#........#
#........#
##########


You could see a hippogriff.

Vanquished Creatures
  Sigmund (D:4)
  2 scorpions (D:4)
  A hound (D:5)
  2 orc wizards (D:5)
  Jessica (D:2)
  2 iguanas (D:5)
  A hound zombie (D:5)
  3 river rats (Sewer)
  5 adders
  An ooze (D:1)
  An adder skeleton (D:4)
  3 dart slugs
  A giant gecko (D:3)
  6 orcs
  2 ball pythons (Sewer)
  5 bats
  5 giant cockroaches
  5 goblins
  5 hobgoblins
  3 jackals (D:2)
  A quokka (D:2)
  10 giant newts
  8 kobolds
  6 rats
80 creatures vanquished.

Notes
Turn   | Place    | Note
--------------------------------------------------------------
     0 | D:1      | Ijustatesigmund the Vine Stalker Assassin began the quest for the Orb.
     0 | D:1      | Reached XP level 1. HP: 11/11 MP: 2/2
   105 | D:1      | Reached skill level 5 in Stealth
   158 | D:1      | Reached XP level 2. HP: 14/15 MP: 3/3
   335 | D:1      | Reached XP level 3. HP: 18/18 MP: 4/4
   933 | D:2      | Noticed Jessica
   940 | D:2      | Killed Jessica
   940 | D:2      | Reached XP level 4. HP: 15/23 MP: 5/5
  1256 | D:3      | Noticed stickyfingers's ghost (amateur DrSk)
  1410 | D:3      | Found a hazy altar of Hepliaklqana.
  1582 | D:3      | Found a faded altar of an unknown god.
  1740 | D:4      | Reached skill level 6 in Stealth
  1740 | D:4      | Reached XP level 5. HP: 21/28 MP: 6/6
  1831 | D:4      | Noticed Sigmund
  1857 | D:4      | Killed Sigmund
  1857 | D:4      | Gained mutation: You heal very quickly. [Vine Stalker growth]
  1857 | D:4      | Reached XP level 6. HP: 25/32 MP: 7/7
  1888 | D:4      | Found a glowing drain.
  1918 | Sewer    | Entered a sewer
  2393 | D:4      | Found Xauluoho's Antique Weapon Shoppe.
  2465 | D:4      | Reached skill level 7 in Stealth
  2605 | D:4      | Found a glowing silver altar of Zin.
  2806 | D:4      | Reached XP level 7. HP: 34/37 MP: 5/8
  2885 | D:5      | Entered Level 5 of the Dungeon
  3034 | D:5      | Found a staircase to the Ecumenical Temple.
  3055 | D:5      | Noticed a hippogriff
  3068 | D:5      | Slain by a hippogriff

Vault maps used:
D:1:      dpeg_arrival_oval
D:2:      uniq_jessica
D:3:      nicolae_overflow_crystal_walls, ecumenical_altar_2, first_bread,
          kennysheep_generic_room_7
D:4:      lemuel_coloured_pillars_altar, serial_shops, nicolae_shop_stone,
          portal_sewer_entry_b, minmay_splitting_lines, uniq_sigmund
Sewer:    sewer_co_cracked_pipes

Skill      XL: |  1  2  3  4  5  6  7 |
---------------+----------------------+-----
Stealth        | 5 6 7 |  7.5
Short Blades   | 2 3 4 |  4.5
Fighting       | 2 3 4 |  4.1
Throwing       | |  1.7
Dodging        | |  0.7

Action                   |  1- 3 |  4- 6 |  7- 9 || total
-------------------------+-------+-------+-------++-------
Melee: Dagger            |   107 |   123 |    57 ||   287
       Bite              |    23 |    35 |    27 ||    85
Throw: Javelin           |       |     1 |       ||     1
  Use: Scroll            |     4 |     6 |       ||    10
       Potion            |       |       |     1 ||     1
 Stab: Sleeping          |     4 |    11 |     1 ||    16
  Eat: Bread ration      |     1 |       |       ||     1
       Chunk             |       |     1 |     1 ||     2
       Meat ration       |       |     1 |       ||     1
Armor: Ring mail         |    34 |    12 |       ||    46
       Skin              |     1 |       |       ||     1
       Robe              |       |    14 |     9 ||    23
Dodge: Dodged            |    40 |    38 |    21 ||    99
